 Dungeon Crawl Stone Soup version 0.22.1-2-g9c5b331383 (webtiles) character file.

6571 Jynx the Basher (level 11, -2/72 HPs)
             Began as a Gargoyle Fighter on Dec 23, 2018.
             Was a High Priest of Okawaru.
             Slain by a two-headed ogre
             ... wielding a +0 giant club
              (23 damage)
             ... on level 10 of the Dungeon.
             The game lasted 00:12:21 (9848 turns).

Jynx the Basher (Gargoyle Fighter)                  Turns: 9848, Time: 00:12:22

Health: -2/72      AC: 21    Str: 24    XL:     11   Next: 1%
Magic:  15/15      EV:  7    Int: 12    God:    Okawaru [*****.]
Gold:   424        SH:  9    Dex: 11    Spells: 10/10 levels left

rFire    . . .     SeeInvis .   a - +1 flail
rCold    + . .     Gourm    .   c - +0 shield
rNeg     + . .     Faith    .   j - +0 scale mail {rC+}
rPois    ∞         Spirit   .   q - +2 helmet {Int+3}
rElec    +         Reflect  .   D - scarf {repulsion}
rCorr    .         Harm     .   (no gloves)
MR       .....                  (no boots)
Stlth    ..........             b - amulet of the acrobat
HPRegen  0.22/turn              e - +3 ring of strength
MPRegen  0.14/turn              g - +3 ring of protection

@: repel missiles
A: negative energy resistance 1, electricity resistance, unbreathing,
petrification resistance, rot immunity, AC +8
a: Heroism, Finesse, Renounce Religion


You were on level 10 of the Dungeon.
You worshipped Okawaru.
Okawaru was extremely pleased with you.
You were not hungry.

You visited 2 branches of the dungeon, and saw 11 of its levels.

You collected 424 gold pieces.

Inventory:

Hand Weapons
 a - a +1 flail (weapon)
Armour
 c - a +0 shield (worn)
 j - a +0 scale mail of cold resistance (worn)
 q - a +2 helmet of intelligence (worn)
 D - a scarf of repulsion (worn)
Jewellery
 b - an amulet of the acrobat (around neck)
 e - a +3 ring of strength (left hand)
 g - a +3 ring of protection (right hand)
 o - an uncursed ring of magical power
 r - an uncursed ring of fire
 t - an uncursed ring of flight
 G - an uncursed ring of positive energy {unknown}
Wands
 i - a wand of paralysis (5)
 l - a wand of acid (7)
 B - a wand of scattershot (4)
Scrolls
 h - 5 scrolls of remove curse
 n - 2 scrolls of blinking
 y - 2 scrolls of magic mapping
 C - a scroll of teleportation
 E - a scroll of amnesia
 H - a scroll of vulnerability
Potions
 d - 3 potions of might
 k - 3 potions of haste
 m - 4 potions of brilliance
 p - 2 potions of berserk rage {unknown}
 s - 2 potions of mutation {unknown}
 u - a potion of resistance {unknown}
 v - a potion of heal wounds {unknown}
 w - 3 potions of curing {unknown}
 x - 2 potions of flight {unknown}
 z - a potion of degeneration {unknown}
Comestibles
 f - 18 rations


   Skills:
 + Level 10.1 Fighting
 * Level 12.3 Maces & Flails
 - Level 3.2 Armour
 - Level 3.2 Shields
 + Level 6.6 Invocations


You had 10 spell levels left.
You didn't know any spells.
Your spell library contained the following spells:

 Spells                   Type           Power        Failure   Level  Hunger
 Flame Tongue             Conj/Fire      #....        98%         1    ##.....
 Throw Flame              Conj/Fire      #.....       99%         2    ###....
 Conjure Flame            Conj/Fire      #.......     100%        3    ####...
 Inner Flame              Hex/Fire       #.......     100%        3    ####...
 Ice Form                 Ice/Tmut       #.......     100%        4    #####..
 Sticky Flame             Conj/Fire      #.......     100%        4    #####..
 Fireball                 Conj/Fire      #.........   100%        5    ######.
 Metabolic Englaciation   Hex/Ice        #.........   100%        5    ######.
 Bolt of Cold             Conj/Ice       #.........   100%        6    #######
 Freezing Cloud           Conj/Ice/Air   #.........   100%        6    #######
 Ozocubu's Refrigeration  Ice            #.........   100%        6    #######
 Simulacrum               Ice/Necr       #.........   100%        6    #######


Dungeon Overview and Level Annotations

Branches:
Dungeon (10/15)            Temple (1/1) D:4
   Lair: D:8-11         Orc: D:9-12

Altars:
Ashenzari
Cheibriados
Dithmenos
Elyvilon
Fedhas
Gozag
Hepliaklqana
Kikubaaqudgha
Makhleb
Nemelex Xobeh
Okawaru
Qazlal
Ru
Sif Muna
Trog
Uskayaw
Vehumet
Wu Jian
Xom
Yredelemnul
Zin
The Shining One

Shops:
D:4 (   D:6 *   D:10 [:


Innate Abilities, Weirdness & Mutations

You are resistant to torment.
Your stone body is resilient. (AC +8)
You are immune to poison.
You resist negative energy. (rN+)
You are resistant to electric shocks. (rElec)
You can survive without breathing.
You are immune to petrification.
You are immune to rotting.


Message History

The two-headed ogre is severely wounded.
You sock the two-headed ogre!
The two-headed ogre is severely wounded.
The two-headed ogre hits you with a giant club.
The two-headed ogre hits you but does no damage.
You hit the two-headed ogre but do no damage.
The two-headed ogre is severely wounded.
The two-headed ogre hits you but does no damage.
The two-headed ogre completely misses you.
You barely miss the two-headed ogre.
The two-headed ogre is severely wounded.
You hit the two-headed ogre but do no damage.
The two-headed ogre is severely wounded.
The two-headed ogre completely misses you.
The two-headed ogre hits you with a giant club.
* * * LOW HITPOINT WARNING * * *
You sock the two-headed ogre!
The two-headed ogre is almost dead.
The two-headed ogre hits you with a giant club!!
You die...

#.........$#
#..........#
#..$.......#
#..........#
#..........#
+..........#
#......O...#
#@# ###.#
#...#
###'#####
#.......#
#..>....#
#.......#
#.....♣.#
+...♣.∩.♣


You could see a two-headed ogre.

Vanquished Creatures
  Harold (D:7)
  A centaur zombie (D:10)
  Maurice (D:8)
  A gargoyle (D:10)
  2 hornets (D:8)
  2 hippogriffs
  A steam dragon (D:7)
  A water moccasin (D:7)
  An orc warrior (D:8)
  A black bear (D:8)
  A necrophage (D:9)
  4 ogres
  3 phantoms
  5 centaurs
  2 big kobolds
  5 bullfrogs
  4 scorpions
  5 wights (D:7)
  A howler monkey (D:5)
  5 crimson imps
  3 jellies
  2 quasits
  4 hounds
  18 orc wizards
  A bullfrog skeleton (D:7)
  7 orc priests
  2 centaur skeletons
  An iron imp (D:5)
  Jessica (D:2)
  2 iguanas
  7 worker ants
  A killer bee zombie (D:7)
  A howler monkey zombie (D:8)
  A worker ant zombie (D:9)
  Robin (D:4)
  2 howler monkey skeletons
  6 adders
  2 shadow imps
  2 oozes
  2 adder skeletons
  7 worms
  2 dart slugs
  4 leopard geckos
  34 orcs
  3 ball pythons
  16 goblins
  8 hobgoblins
  7 jackals
  2 quokkas
  7 bats
  4 frilled lizards
  A goblin zombie (D:5)
  3 hobgoblin zombies (D:5)
  A jackal skeleton (D:4)
  13 kobolds
  2 kobold skeletons (D:5)
  A leopard gecko skeleton (D:4)
  2 orc skeletons (D:5)
  2 orc zombies (D:5)
  A quokka skeleton (D:6)
  5 rats
238 creatures vanquished.

Notes
Turn   | Place    | Note
-------+----------+-------------------------------------------
     0 | D:1      | Jynx the Gargoyle Fighter began the quest for the Orb.
     0 | D:1      | Reached XP level 1. HP: 14/14 MP: 1/1
    51 | D:1      | Reached XP level 2. HP: 18/19 MP: 2/2
   196 | D:1      | You fall through a shaft!
   360 | D:1      | Reached skill level 3 in Maces & Flails
   419 | D:1      | Reached XP level 3. HP: 24/24 MP: 3/3
  1115 | D:2      | Noticed Jessica
  1123 | D:2      | Killed Jessica
  1123 | D:2      | Reached XP level 4. HP: 26/29 MP: 4/4
  1235 | D:2      | Reached skill level 4 in Maces & Flails
  1688 | D:3      | Reached XP level 5. HP: 33/34 MP: 5/5
  2237 | D:4      | Found Suralec's Antique Weapon Shop.
  2248 | D:4      | Reached skill level 5 in Maces & Flails
  2268 | D:4      | Reached XP level 6. HP: 39/40 MP: 6/6
  2331 | D:4      | Reached skill level 5 in Fighting
  2510 | D:4      | Noticed Robin
  2543 | D:4      | Killed Robin
  2814 | D:4      | Found a staircase to the Ecumenical Temple.
  2839 | Temple   | Entered the Ecumenical Temple
  2867 | Temple   | Became a worshipper of Warmaster Okawaru
  3102 | D:4      | Reached skill level 6 in Maces & Flails
  3133 | D:4      | Reached XP level 7. HP: 39/44 MP: 7/7
  3710 | D:5      | Entered Level 5 of the Dungeon
  3781 | D:5      | Reached * piety under Okawaru
  3781 | D:5      | Reached skill level 7 in Maces & Flails
  3802 | D:5      | Reached XP level 8. HP: 8/52 MP: 5/8
  4189 | D:5      | Found a glowing golden altar of the Shining One.
  4647 | D:5      | Reached skill level 8 in Maces & Flails
  5097 | D:6      | Found Azanatom's General Store.
  5179 | D:6      | Found a blossoming altar of Fedhas.
  5193 | D:6      | Reached ** piety under Okawaru
  5193 | D:6      | Reached skill level 9 in Maces & Flails
  5487 | D:6      | Reached skill level 1 in Invocations
  5487 | D:6      | Reached XP level 9. HP: 55/58 MP: 9/9
  6013 | D:7      | Noticed Harold
  6027 | D:7      | Killed Harold
  6027 | D:7      | Reached *** piety under Okawaru
  6027 | D:7      | Reached skill level 10 in Maces & Flails
  6695 | D:7      | Reached XP level 10. HP: 65/65 MP: 13/13
  7317 | D:8      | Reached **** piety under Okawaru
  7317 | D:8      | Reached skill level 11 in Maces & Flails
  7441 | D:8      | Noticed Maurice
  7454 | D:8      | Killed Maurice
  7454 | D:8      | Reached skill level 5 in Invocations
  8545 | D:9      | Found a bloodstained altar of Trog.
  9019 | D:9      | Reached skill level 12 in Maces & Flails
  9227 | D:9      | Found a sparkling altar of Nemelex Xobeh.
  9615 | D:10     | Entered Level 10 of the Dungeon
  9615 | D:10     | Found Mics's Armour Shop.
  9697 | D:10     | Noticed a gargoyle
  9712 | D:10     | Killed a gargoyle
  9712 | D:10     | Reached ***** piety under Okawaru
  9712 | D:10     | Reached skill level 10 in Fighting
  9725 | D:10     | Found Sarisoid's Book Shop.
  9742 | D:10     | Reached XP level 11. HP: 54/72 MP: 15/15
  9835 | D:10     | Noticed a two-headed ogre
  9848 | D:10     | Slain by a two-headed ogre

Skill      XL: |  1  2  3  4  5  6  7  8  9 10 |
---------------+-------------------------------+-----
Maces & Flails | 3 4 5 6 7 9 10 12 | 12.3
Fighting       | 4 5 6 7 8 10 | 10.1
Invocations    | 1 4 6 |  6.6
Armour         | |  3.2
Shields        | |  3.2

Action                   |  1- 3 |  4- 6 |  7- 9 | 10-12 || total
-------------------------+-------+-------+-------+-------++-------
Melee: Flail             |   107 |   220 |   324 |   333 ||   984
Invok: Heroism           |       |       |     1 |     4 ||     5
  Use: Scroll            |       |     8 |     6 |     4 ||    18
       Potion            |       |       |     1 |       ||     1
 Stab: Distracted        |       |       |     1 |       ||     1
  Eat: Chunk             |       |     7 |     9 |    10 ||    26
       Ration            |       |       |     1 |       ||     1
Armor: Scale mail        |    63 |   122 |   155 |   156 ||   496
Dodge: Dodged            |    28 |    59 |    87 |    94 ||   268
       Deflected         |       |       |       |     4 ||     4
Block: Shield            |    57 |   123 |   119 |   119 ||   418
